 Dungeon Crawl Stone Soup version 0.30-a0-263-ge22c4ad894 (webtiles) character file.

Game seed: 14538648170904839343

6580 ReploidZero the Chopper (level 11, 0/63 HPs)
             Began as a Vine Stalker Wanderer on Oct 13, 2022.
             Was an Elder of Uskayaw.
             Slain by a two-headed ogre
             ... wielding a +0 giant club
              (15 damage)
             ... on level 8 of the Dungeon.
             The game lasted 00:32:27 (7939 turns).

ReploidZero the Chopper (Vine Stalker Wanderer)     Turns: 7939, Time: 00:32:30

Health: 0/63       AC:  9    Str: 27    XL:     11   Next: 1%
Magic:  0/14       EV: 12    Int:  9    God:    Uskayaw [****..]
Gold:   860        SH:  9    Dex: 17    Spells: 10/10 levels left

rFire   + + .      SeeInvis .    a - +4 hand axe
rCold   . . .      Faith    .    c - +3 warlock's mirror {reflect}
rNeg    + . .      Spirit   +    n - +0 steam dragon scales
rPois   +          Reflect  +    i - +0 hat "Laaro" {Contam rF++ Dex+4 Stlth+}
rElec   .          Harm     .    d - +3 cloak of Good Intentions {rPois Str+4}
rCorr   .          Rampage  .    (no gloves)
Will    +....                    (no boots)
Stlth   +++.......               D - amulet of magic regeneration
HPRegen 1.10/turn                u - ring of positive energy
MPRegen 0.54/turn                (no ring)

@: no status effects
A: fangs 3, regeneration 1, magic shield, antimagic bite, no potion heal 2,
mutation resistance 1, robust 1
a: Renounce Religion, Stomp, Line Pass


You were on level 8 of the Dungeon.
You worshipped Uskayaw.
Uskayaw was noncommittal.
You visited 2 branches of the dungeon, and saw 9 of its levels.
You also visited: Ossuary and Bailey.

You collected 1076 gold pieces.
You spent 216 gold pieces at shops.

Inventory:

Hand Weapons
 a - a +4 hand axe (weapon)
 g - a +4 quarterstaff of chaos
Missiles
 b - 27 poisoned darts (quivered)
 h - 38 boomerangs
 C - 18 curare-tipped darts
 F - 8 datura-tipped darts
Armour
 c - the +3 warlock's mirror (worn) {reflect}
   (You acquired it on level 3 of the Dungeon)

   It can block and reflect piercing ranged attacks and magical attacks against
   the wielder's willpower.
 d - the +3 cloak of Good Intentions (worn) {rPois Str+4}
   (You acquired it on level 3 of the Dungeon)

   Str:       It affects your strength (+4).
   rPois:     It protects you from poison.
 i - the +0 hat "Laaro" (worn) {Contam rF++ Dex+4 Stlth+}
   (You acquired it on level 3 of the Dungeon)

   Dex:       It affects your dexterity (+4).
   rF:        It greatly protects you from fire.
   Contam:    It causes magical contamination when unequipped.
   Stlth:     It makes you more stealthy.
 n - +0 steam dragon scales (worn)
 H - +0 swamp dragon scales
Jewellery
 u - a ring of positive energy (left hand)
 z - the ring of Elud Ros {rC+ Str-4 Int+8}
   (You found it on level 6 of the Dungeon)

   [ring of protection from cold]

   Str:       It affects your strength (-4).
   Int:       It affects your intelligence (+8).
   rC:        It protects you from cold.
 D - an amulet of magic regeneration (around neck)
Wands
 k - a wand of flame (17)
 m - a wand of polymorph (11)
 r - a wand of acid (12)
 E - a wand of paralysis (12)
Scrolls
 e - a scroll of poison
 o - 3 scrolls of vulnerability
 q - a scroll of enchant armour
 s - 2 scrolls of identify
 y - 3 scrolls of teleportation
 B - a scroll of silence
Potions
 f - a potion of curing
 j - a potion of magic {unknown}
 l - a potion of ambrosia
 p - 3 potions of cancellation
 t - 4 potions of brilliance
 v - 3 potions of flight
 w - 3 potions of lignification
 x - 2 potions of might
 A - a potion of haste {unknown}


   Skills:
 + Level 7.5 Fighting
 + Level 7.8 Axes
 - Level 7.1 Throwing
 + Level 1.0 Armour
 + Level 2.9 Dodging
 - Level 1.2 Stealth
 + Level 6.5 Shields
 + Level 3.9 Invocations


You had 10 spell levels left.
You didn't know any spells.
Your spell library contained the following spells:

 Spells                   Type           Power      Damage    Failure   Level
 Foxfire                  Conj/Fire      0%         2x1d4     45%         1
 Ensorcelled Hibernation  Hex/Ice        0%         N/A       61%         2
 Inner Flame              Hex/Fire       0%         N/A       83%         3
 Spider Form              Tmut/Pois      0%         N/A       83%         3
 Anguish                  Hex/Necr       0%         N/A       99%         4
 Animate Dead             Necr           0%         N/A       99%         4
 Flame Wave               Conj/Fire      0%         2d4       99%         4
 Sticky Flame             Conj/Fire      0%         2d3       99%         4
 Borgnjor's Vile Clutch   Necr/Erth      0%         N/A       100%        5
 Fireball                 Conj/Fire      0%         3d3       100%        5
 Death Channel            Necr           0%         N/A       100%        6
 Starburst                Conj/Fire      0%         6d3       100%        6


Dungeon Overview and Level Annotations

Branches:
Dungeon (8/15)             Temple (1/1) D:5         Ossuary (visited)
 Bailey (visited)
   Lair: D:8-11

Altars:
Ashenzari
Cheibriados
Dithmenos
Elyvilon
Gozag
Hepliaklqana
Kikubaaqudgha
Okawaru
Qazlal
Sif Muna
Trog
Uskayaw
Vehumet
Wu Jian
Xom
Yredelemnul
Zin
The Shining One

Shops:
D:4 !

Annotations:
D:7 3 runed translucent doors, SirDiesAlot's ghost, novice TrBe


Innate Abilities, Weirdness & Mutations

You have razor-sharp teeth.
Your natural rate of healing is unusually fast.
When hurt, damage is shared between your health and your magic reserves.
Your bite disrupts and absorbs the magic of your enemies.
Potions cannot restore your health.
You are somewhat resistant to further mutation.
You are robust. (+10% HP)


Message History

The two-headed ogre hits you with a +0 giant spiked club!
Unknown command.
You slash the two-headed ogre!
The two-headed ogre is heavily wounded.
The two-headed ogre hits you with a +0 giant club!!
The two-headed ogre closely misses you.
Unknown command.
You are too injured to fight recklessly!
Unknown command.
You are too injured to fight recklessly!
Aiming: Line Pass
Press: ? - help, Dir - move target The two-headed ogre appears confused.
A sky beast and a centaur come into view.
The centaur moves out of view.
Uskayaw links your audience in an emotional bond!
Unknown command.
You are too injured to fight recklessly!
You are too injured to fight recklessly!
You hit the two-headed ogre. You bite the two-headed ogre. You drain its power.
You feel invigorated.
The two-headed ogre is severely wounded.
The two-headed ogre seems less confused.
The two-headed ogre hits you with a +0 giant club!
The two-headed ogre hits you with a +0 giant spiked club!
* * * LOW HITPOINT WARNING * * *
Okay, then.
Unknown command.
Okay, then.
Blink to where?
Press: ? - help, Dir - move target
As you read the scroll of blinking, it crumbles to dust.
The two-headed ogre is no longer sharing its pain.
You hit the two-headed ogre.
You bite the two-headed ogre, but do no damage.
The two-headed ogre is severely wounded.
The sky beast is no longer sharing its pain.
The two-headed ogre misses you.
The two-headed ogre hits you with a +0 giant spiked club!!
You die...

..### ###.......#.#...#
#####.# )...#
#....##.#.###.####.....#
..### #.#...#.#.#
#......###.# .)#
#.#.#..>#.#####.##.##..#
).#
#...##.##...............
..#
######..#######....#..##
#.### ##...###.#
F.##.###.### ....#
#....)##'##.....#.......#
#.### #..#.†YO@....#
#...##### #.#
#....)#####.....#.......#
#.# ##?..# ...##......##
..#### ##.## .###.#..#.#
..##.# #. #........#
..##.### #. #.##.#.###
.......# #. #....#.#
.#####.# #. ######.#
.......# .. #.#.#


You could see a two-headed ogre, a sky beast and a bullfrog.

Vanquished Creatures
  A two-headed ogre (D:8)
  An orc knight (Bailey)
  Grinder (D:3)
  A hornet (D:8)
  Sigmund (D:3)
  2 steam dragons
  Menkaure (D:7)
  6 orc warriors
  4 ice beasts
  2 sky beasts
  3 ogres
  A centaur (D:5)
  8 kobold brigands (Bailey)
  3 gnoll sergeants
  2 scorpions (D:4)
  2 bullfrogs
  2 necrophages
  13 wights
  Dowan (D:5)
  A killer bee (D:8)
  A lava snake (D:8)
  6 hounds
  Crazy Yiuf (D:3)
  2 gnoll boudas
  7 orc priests
  6 iguanas
  Ijyb (D:3)
  6 orc wizards
  3 mummies (Ossuary)
  5 adders
  15 gnolls
  A river rat (D:5)
  2 shadow imps
  3 adder zombies (Ossuary)
  3 worms
  6 dart slugs
  39 orcs
  6 ball pythons
  6 bats (D:1)
  10 endoplasms
  6 giant cockroaches
  A gnoll zombie (Ossuary)
  9 hobgoblins
  4 jackals (D:2)
  18 kobolds
  5 quokkas
  4 frilled lizards (D:1)
  10 goblins
  A goblin zombie (Ossuary)
  5 hobgoblin zombies (Ossuary)
  A kobold zombie (Ossuary)
  2 quokka zombies (Ossuary)
  11 rats
  5 rat zombies (Ossuary)
267 creatures vanquished.

Vanquished Creatures (others)
  8 plants (D:6)
8 creatures vanquished.

Grand Total: 275 creatures vanquished

Notes
Turn   | Place    | Note
-------+----------+-------------------------------------------
     0 | D:1      | ReploidZero the Vine Stalker Wanderer began the quest for
                  | the Orb.
     0 | D:1      | ReploidZero set off with the following items: a +3 hand
                  | axe, 10 poisoned darts, a +0 dagger, a potion of mutation,
                  | a +0 leather armour.
     0 | D:1      | Reached XP level 1. HP: 11/11 MP: 3/3
     1 | D:1      | Gained mutation: Your system is resistant to poisons.
                  | (rPois) [potion of mutation]
     1 | D:1      | Lost mutation: Your system is resistant to poisons. (rPois)
                  | [potion of mutation]
     1 | D:1      | Gained mutation: You are somewhat resistant to further
                  | mutation. [potion of mutation]
     1 | D:1      | Gained mutation: You are robust. (+10% HP) [potion of
                  | mutation]
   281 | D:1      | Reached XP level 2. HP: 12/16 MP: 2/4
   524 | D:1      | Reached XP level 3. HP: 19/19 MP: 5/5
  1395 | D:2      | Gained mutation: Your natural rate of healing is unusually
                  | fast. [Vine Stalker growth]
  1395 | D:2      | Reached XP level 4. HP: 12/25 MP: 3/6
  1533 | D:2      | Found a shimmering blue altar of Sif Muna.
  1547 | D:2      | Found the +5 robe of Misfortune {Harm *Corrode *Slow EV+5}
  1700 | D:2      | Found a faded altar of an unknown god.
  1907 | D:3      | Noticed Sigmund
  1926 | D:3      | Killed Sigmund
  1927 | D:3      | Reached XP level 5. HP: 10/30 MP: 1/7
  1927 | D:3      | Reached XP level 6. HP: 12/35 MP: 1/8
  2172 | D:3      | Found a runed translucent door.
  2173 | D:3      | Noticed Crazy Yiuf
  2211 | D:3      | Killed Crazy Yiuf
  2269 | D:3      | Identified 3 scrolls of acquirement
  2269 | D:3      | Acquired the +3 warlock's mirror {reflect}
  2269 | D:3      | Found the +3 warlock's mirror {reflect}
  2278 | D:3      | Acquired the +3 cloak of Good Intentions {rPois Str+4}
  2355 | D:3      | Noticed Ijyb
  2382 | D:3      | Killed Ijyb
  2523 | D:3      | Noticed Grinder
  2544 | D:3      | Killed Grinder
  2545 | D:3      | Reached skill level 1 in Shields
  2545 | D:3      | Reached XP level 7. HP: 33/40 MP: 5/9
  2979 | D:3      | Acquired the +0 hat "Laaro" {Contam rF++ Dex+4 Stlth+}
  3430 | D:4      | Found a sand-covered staircase.
  3455 | Ossuary  | Entered an ossuary
  3465 | Ossuary  | Gained mutation: You have razor-sharp teeth. [Vine Stalker
                  | growth]
  3465 | Ossuary  | Reached XP level 8. HP: 41/46 MP: 7/10
  3697 | D:4      | Found Lous's Distillery.
  3709 | D:4      | Bought a potion of might for 48 gold pieces
  3709 | D:4      | Bought a potion of lignification for 36 gold pieces
  3709 | D:4      | Bought a potion of lignification for 36 gold pieces
  3709 | D:4      | Bought a potion of might for 48 gold pieces
  3709 | D:4      | Bought a potion of might for 48 gold pieces
  3936 | D:5      | Entered Level 5 of the Dungeon
  3936 | D:5      | Found a white marble altar of Elyvilon.
  4059 | D:5      | Reached skill level 5 in Axes
  4147 | D:5      | Found a staircase to the Ecumenical Temple.
  4453 | D:5      | Reached skill level 5 in Fighting
  4470 | D:5      | Noticed Duvessa
  4472 | D:5      | Noticed Dowan
  4489 | D:5      | Killed Dowan
  4888 | D:5      | Duvessa changed into Duvessa the worm
  4888 | D:5      | Noticed Duvessa
  4890 | D:5      | Killed Duvessa the worm
  4897 | Temple   | Entered the Ecumenical Temple
  4996 | D:6      | Reached skill level 5 in Throwing
  5030 | D:6      | Reached XP level 9. HP: 22/51 MP: 6/11
  5263 | D:6      | Found an ancient bone altar of Kikubaaqudgha.
  5266 | D:6      | Found a glowing silver altar of Zin.
  5286 | D:6      | Identified the ring of Elud Ros {rC+ Str-4 Int+8}
  5343 | D:6      | Found a basalt altar of Yredelemnul.
  5344 | D:6      | Found a snail-covered altar of Cheibriados.
  5344 | D:6      | Found an iron altar of Okawaru.
  5346 | D:6      | Found a shadowy altar of Dithmenos.
  5941 | D:7      | Reached skill level 5 in Shields
  5992 | D:7      | Found a runed translucent gate.
  5992 | D:7      | Found a runed translucent gate.
  5994 | D:7      | Found a runed translucent gate.
  6050 | D:7      | Reached XP level 10. HP: 55/58 MP: 12/12
  6064 | D:7      | Noticed SirDiesAlot's ghost (novice TrBe)
  6065 | D:7      | Identified the +4 plate armour of Watchfulness {rElec}
  6155 | D:7      | Noticed Menkaure
  6162 | D:7      | Killed Menkaure
  7011 | D:8      | Found a hide-covered altar of Uskayaw.
  7019 | D:8      | Became a worshipper of Uskayaw the Reveller
  7038 | D:8      | Reached * piety under Uskayaw
  7045 | D:8      | Noticed a two-headed ogre
  7048 | D:8      | Reached ** piety under Uskayaw
  7162 | D:8      | Found a flagged portal.
  7168 | Bailey   | Entered a bailey
  7182 | Bailey   | Noticed an orc knight
  7189 | Bailey   | Reached *** piety under Uskayaw
  7191 | Bailey   | Reached **** piety under Uskayaw
  7192 | Bailey   | Reached ***** piety under Uskayaw
  7198 | Bailey   | Killed an orc knight
  7292 | Bailey   | Found a burning altar of Makhleb.
  7551 | D:8      | Killed a two-headed ogre
  7927 | D:8      | Noticed a two-headed ogre
  7933 | D:8      | Reached skill level 1 in Armour
  7933 | D:8      | Reached XP level 11. HP: 58/63 MP: 12/14
  7939 | D:8      | Slain by a two-headed ogre

Illustrated notes

Levels and vault maps discovered:
D:1:      dpeg_cavernosity, layout_basic, minmay_misc_feat_pillars,
          minmay_pentomino_w4
D:2:      layout_basic, shapermc_ecumenical_altar_mp_highgroup, basic_altar
D:3:      layout_loops_corners, uniq_grinder, uniq_ijyb, uniq_sigmund,
          uniq_crazy_yiuf_cottage
D:4:      layout_basic, serial_shops, nicolae_shop_crystal,
          nicolae_ossuary_entry_monument
D:5:      layout_loops_ring, old_standard_altar, temple_fountains,
          portal_sewer_entry_b, hangedman_abyss_or_decor_lesser_grid,
          uniq_duvessa
D:6:      layout_cave_pods, minitemple, serial_bayou_ford_a
D:7:      layout_basic, biasface_ghost_orc_armoury, serial_curves,
          eino_curves_02, eino_curves_01, serial_park_tiny_pond,
          corner_web_ring, dreamdust_gnoll_shepherd, uniq_menkaure
D:8:      minmay_octagon_keep, layout_basic, overflow_temple_1_default,
          enter_bailey_3, kennysheep_cross_bottleneck
Temple:   hellmonk_temple_rainy

Skill      XL: |  1  2  3  4  5  6  7  8  9 10 |
---------------+-------------------------------+-----
Fighting       | 2 3 4 5 6 7 |  7.5
Axes           | 3 4 5 6 7 |  7.8
Throwing       | 2 3 4 5 6 7 |  7.1
Dodging        | 2 |  2.9
Shields        | 1 2 4 5 6 |  6.5
Invocations    | 3 |  3.9
Armour         | 1 |  1.0
Stealth        | |  1.2

Action                   |  1- 3 |  4- 6 |  7- 9 | 10-12 || total
-------------------------+-------+-------+-------+-------++-------
Melee: Hand axe          |    98 |    86 |   324 |   174 ||   682
       Bite              |    13 |    18 |   104 |    67 ||   202
       Unarmed           |       |       |     3 |       ||     3
Throw: Boomerang         |       |       |    15 |       ||    15
       Throwing net      |       |       |       |     1 ||     1
Invok: Line Pass         |       |       |       |     2 ||     2
Evoke: Wand              |       |     1 |     6 |       ||     7
  Use: Potion            |     1 |     6 |     1 |     2 ||    10
       Scroll            |       |     3 |    14 |     1 ||    18
 Stab: Sleeping          |     6 |     2 |    15 |     1 ||    24
       Distracted        |     1 |       |     1 |     1 ||     3
       Paralysed         |       |       |       |    15 ||    15
Armor: Leather armour    |    41 |    10 |    83 |       ||   134
       Steam dragon scal |       |       |     3 |    36 ||    39
Dodge: Dodged            |    48 |    26 |   168 |    80 ||   322
Block: Buckler           |       |    13 |   139 |    61 ||   213
       Reflection        |       |     1 |     6 |     5 ||    12

Table legend: (Time is in decaauts)
 A = Elapsed time spent in this place.
 B = Non-inter-level travel time spent in this place.
 C = Inter-level travel time spent in this place.
 D = Time resting spent in this place.
 E = Time spent auto-exploring this place.
 F = Levels seen in this place.
 G = Mean time per level.
                   A        B        C        D        E       F      G
               +--------+--------+--------+--------+--------+-----+--------+
         Total |   8012 |   7497 |    515 |      0 |   5701 |  11 |  728.4 |
       Dungeon |   7495 |   6988 |    507 |      0 |   5399 |   8 |  936.9 |
        Temple |     29 |     21 |      8 |      0 |     10 |   1 |   29.0 |
       Ossuary |    176 |    176 |      0 |      0 |     84 |   1 |  176.0 |
        Bailey |    311 |    311 |      0 |      0 |    208 |   1 |  311.0 |
               +--------+--------+--------+--------+--------+-----+--------+

Top non-repeatable levels by time:
     D:3: 1174 daAuts
     D:1: 1122 daAuts
     D:6: 1089 daAuts
     D:5: 986 daAuts
     D:7: 951 daAuts
     D:2: 757 daAuts
     D:4: 745 daAuts
     D:8: 667 daAuts
  Bailey: 311 daAuts
 Ossuary: 176 daAuts
  Temple: 29 daAuts
